 Dungeon Sprint DCSS version 0.30.1-11-g7821555f0a (webtiles) character file.

Game seed: 16412746978254085016

18267 Groucho the Earth Mage (level 12, -8/58 HPs)
             Began as a Spriggan Earth Elementalist on Dec 20, 2023.
             Was the Champion of Vehumet.
             Killed from afar by an air elemental (10 damage)
             ... with a stunning burst
             ... summoned by an air elementalist statue
             ... in the Dungeon (Sprint III: "The Ten Rune Challenge") on Dec 21, 2023.
             The game lasted 00:49:38 (10705 turns).

Groucho the Earth Mage (SpEE)                      Turns: 10705, Time: 00:49:38

Health: -8/58      AC:  2    Str:  4    XL:     12   Next: 26%
Magic:  4/28       EV: 23    Int: 21    God:    Vehumet [******]
Gold:   39         SH:  0    Dex: 16    Spells: 10/33 levels left

rFire   . . .        o - +0 dagger
rCold   . . .        (no shield)
rNeg    . . .        a - +0 robe
rPois   .            (helmet restricted)
rElec   .            (no cloak)
rCorr   .            (gloves unavailable)
SInv    +            (boots unavailable)
Will    ++...        (no amulet)
Stlth   +++++        (no ring)
HPRegen 0.29/turn    (no ring)
MPRegen 0.21/turn

%: no teleportation
@: very quick
A: very small, no large weapons, unfitting armour, see invisible, speed 3
a: Renounce Religion


You were in the Dungeon.
You worshipped Vehumet.
Vehumet was exalted by your worship.
You visited 1 branch You collected 39 gold pieces.

Inventory:

Hand Weapons
 i - a +0 club
 o - a +0 dagger (weapon)
Armour
 a - a +0 robe (worn)
 p - a +0 robe
Wands
 r - a wand of roots (8)
Scrolls
 h - 3 scrolls of brand weapon {unknown}
 j - a scroll of poison {unknown}
 k - 2 scrolls of identify {unknown}
 n - a scroll of immolation {unknown}
Potions
 b - a potion of degeneration {unknown}
 e - a potion of haste
 l - 2 potions of flight {unknown}
 m - 5 potions of mutation
 q - a potion of might


   Skills:
 - Level 4.0 Fighting
 - Level 10.0 Short Blades
 - Level 3.0 Armour
 - Level 10.0 Dodging
 + Level 13.2 Stealth
 - Level 11.0 Spellcasting
 - Level 14.0 Conjurations
 - Level 5.0 Translocations
 - Level 11.0 Transmutations
 - Level 6.0 Fire Magic
 - Level 15.0 Earth Magic
 - Level 5.0 Evocations


You had 10 spell levels left.
You knew the following spells:

 Your Spells              Type           Power      Damage    Failure   Level
a - Sandblast             Erth           100%       2d20      0%          1
b - Stone Arrow           Conj/Erth      100%       3d13      1%          3
c - Petrify               Tmut/Erth      60%        N/A       1%          4
d - Blink                 Tloc           64%        N/A       1%          2
e - Iron Shot             Conj/Erth      32%        9d7       1%          6
f - Apportation           Tloc           64%        N/A       1%          1
g - Starburst             Conj/Fire      26%        6d8       4%          6

Your spell library contained the following spells:

 Spells                   Type           Power      Damage    Failure   Level
 Fireball                 Conj/Fire      26%        3d12      1%          5
 Lesser Beckoning         Tloc           64%        N/A       1%          2
 Momentum Strike          Conj/Tloc      100%       3d10      1%          2
 Passwall                 Tmut/Erth      50%        N/A       1%          2
 Alistair's Intoxication  Tmut/Pois      22%        N/A       17%         5


Dungeon Overview and Level Annotations

Branches:
Dungeon (1/1)

Altars:
Cheibriados
Dithmenos
Elyvilon
Fedhas
Gozag
Hepliaklqana
Kikubaaqudgha
Makhleb
Nemelex Xobeh
Okawaru
Qazlal
Ru
Sif Muna
Trog
Uskayaw
Vehumet
Wu Jian
Xom
Yredelemnul
Zin
The Shining One
Jiyva
Lugonu

Annotations:
D exclusion: 3 statues, Polyphemus


Innate Abilities, Weirdness & Mutations

You are very small and have problems with some larger weapons.
You are too small for most types of armour.
You have supernaturally acute eyesight. (SInv)
You cover ground extremely quickly. (Speed+++)


Message History

The crystal guardian fires a crystalline bolt at you.
The crystal bolt misses you.
Aiming: Iron Shot (dangerous; 1% risk of failure)
Press: ? - help, Q - select action, (/) - cycle Shift-Dir - straight line, f - water elementalist statue
Aim: a water elementalist statue (unaware, hasn't noticed you, 100% to hit)
The iron shot hits the crystal guardian!!
The crystal guardian is heavily damaged.
Unknown command.
Unknown command.
Unknown command.
Unknown command.
You don't have enough magic to cast this spell.
Unknown command.
Unknown command.
Okay, then.
The air elemental completely misses you.
The air elemental misses you.
The air elementalist statue gestures.
The water elementalist statue looks braver for a moment.
The air elemental fires a burst of electricity at you.
The stunning burst hits you!
You suddenly lose the ability to move!
The air elemental hits you.
* * * LOW HITPOINT WARNING * * *
The air elemental fires a burst of electricity at you.
The stunning burst hits the crystal guardian.
The crystal guardian completely resists.
The stunning burst misses you.
The air elemental fires a burst of electricity at you.
The stunning burst hits you!
* * * LOW HITPOINT WARNING * * *
The water elementalist statue looks braver for a moment.
You can move again.
Unknown command.
The air elemental fires a burst of electricity at you.
The stunning burst misses you.
The air elemental fires a burst of electricity at you.
The stunning burst misses you.
The air elemental fires a burst of electricity at you.
The stunning burst hits you!
You shrug off the repeated paralysis!
You die... ♣♣ #.#...###§# †♣ #.#.###...# .♣♣ #.#'#..§§§# ♣.♣ #.#....§§§# ..♣ #.#....§§§###++## .PP

#......§§§#.⌠..⌠.
~D~§
#########.#§.....
♣..§§
#.#.#.#.#........
♣♣♣♣♣♣
#..E9@...........
#................
###E#############
#...# #.....#
#....8..#
.'.......'.
###..8.8..###
##.....##


You could see a crystal guardian and 2 air elementals.

Vanquished Creatures
  Rupert (D)
  Dowan (D)
  2 hydras (D)
  Erolcha (D)
  4 death yaks (D)
  Urug (D)
  A death drake (D)
  An orange crystal statue (D)
  A lindwurm (D)
  A deep elf pyromancer (D)
  2 crystal guardians (D)
  2 cane toads (D)
  2 black mambas (D)
  A statue (D)
  Duvessa (D)
  A rime drake (D)
  A komodo dragon (D)
  3 wandering mushrooms (D)
  2 spriggan defenders (D)
  2 tyrant leeches (D)
  8 blink frogs (D)
  An orc high priest (D)
  2 hornets (D)
  3 dream sheep (D)
  A shadow (D)
  5 redbacks (D)
  A spatial vortex (D)
  2 swamp drakes (D)
  5 two-headed ogres (D)
  A necrophage (D)
  A water elemental (D)
  An electric eel (D)
  A jelly (D)
  2 orc priests (D)
  Jessica (D)
  A wizard (D)
  A necromancer (D)
  A kobold demonologist (D)
  3 humans (D)
  A phantom (D)
  An endoplasm (D)
  2 rats (D)
  2 ball lightnings (D)
78 creatures vanquished.

Vanquished Creatures (others)
  3 ballistomycete spores (D)
3 creatures vanquished.

Grand Total: 81 creatures vanquished

Notes
Turn   | Place    | Note
-------+----------+-------------------------------------------
     0 | D        | Groucho the Spriggan Earth Elementalist began the quest for
                  | the Orb.
     0 | D        | Reached XP level 1. HP: 9/9 MP: 5/5
     3 | D        | Reached skill level 3 in Earth Magic
   197 | D        | Noticed Jessica
   199 | D        | Killed Jessica
   200 | D        | Reached skill level 5 in Earth Magic
   200 | D        | Reached skill level 5 in Stealth
   200 | D        | Reached skill level 1 in Fighting
   200 | D        | Reached XP level 2. HP: 15/15 MP: 2/7
   200 | D        | Reached XP level 3. HP: 18/18 MP: 2/8
   204 | D        | Learned a level 3 spell: Stone Arrow
   861 | D        | Noticed a water elemental
   874 | D        | Killed a water elemental
   875 | D        | Reached skill level 6 in Earth Magic
   875 | D        | Reached XP level 4. HP: 24/24 MP: 6/9
   893 | D        | Found a radiant altar of Vehumet.
   910 | D        | Found a shimmering blue altar of Sif Muna.
   910 | D        | Found an ancient bone altar of Kikubaaqudgha.
   910 | D        | Noticed a wizard
   911 | D        | Noticed a rust devil
   912 | D        | Killed a wizard
   913 | D        | Reached skill level 7 in Earth Magic
   913 | D        | Reached XP level 5. HP: 28/28 MP: 3/10
  1185 | D        | Became a worshipper of Vehumet
  1253 | D        | Learned a level 4 spell: Petrify
  1269 | D        | Found a shadowy altar of Dithmenos.
  1273 | D        | Reached skill level 5 in Conjurations
  1273 | D        | Found a basalt altar of Yredelemnul.
  1273 | D        | Found a sacrificial altar of Ru.
  1458 | D        | Found a hide-covered altar of Uskayaw.
  1458 | D        | Found an iron altar of Okawaru.
  1459 | D        | Found a bloodstained altar of Trog.
  1460 | D        | Found an ornate altar of the Wu Jian Council.
  1460 | D        | Noticed a human
  1461 | D        | Noticed a human
  1462 | D        | Killed a human
  1462 | D        | Reached * piety under Vehumet
  1462 | D        | Offered knowledge of Foxfire by Vehumet.
  1463 | D        | Reached skill level 8 in Earth Magic
  1463 | D        | Reached skill level 9 in Earth Magic
  1463 | D        | Reached XP level 6. HP: 33/33 MP: 8/13
  1465 | D        | Killed a human
  1466 | D        | Reached skill level 5 in Spellcasting
  1466 | D        | Reached skill level 10 in Earth Magic
  1713 | D        | Found a glowing silver altar of Zin.
  1714 | D        | Found a glowing golden altar of the Shining One.
  1714 | D        | Found a white marble altar of Elyvilon.
  1714 | D        | Noticed a deep elf pyromancer
  1717 | D        | Noticed a fire elemental
  1719 | D        | Killed a deep elf pyromancer
  1720 | D        | Reached skill level 1 in Short Blades
  1720 | D        | Reached XP level 7. HP: 32/37 MP: 2/15
  1819 | D        | Noticed a shadow
  1827 | D        | Killed a shadow
  1827 | D        | Offered knowledge of Freeze by Vehumet.
  1827 | D        | Reached ** piety under Vehumet
  1828 | D        | Reached XP level 8. HP: 38/42 MP: 7/16
  2182 | D        | Found a blossoming altar of Fedhas.
  2182 | D        | Found a stormy altar of Qazlal.
  2183 | D        | Found a snail-covered altar of Cheibriados.
  2183 | D        | Found a burning altar of Makhleb.
  2183 | D        | Found a hazy altar of Hepliaklqana.
  2183 | D        | Found a shimmering altar of Xom.
  2183 | D        | Found an opulent altar of Gozag.
  2183 | D        | Found a sparkling altar of Nemelex Xobeh.
  2183 | D        | Found a corrupted altar of Lugonu.
  2183 | D        | Found a viscous altar of Jiyva.
  2187 | D        | Reached skill level 10 in Short Blades
  2187 | D        | Reached skill level 5 in Transmutations
  2437 | D        | Offered knowledge of Scorch by Vehumet.
  2464 | D        | Reached *** piety under Vehumet
  2684 | D        | Noticed a two-headed ogre
  2698 | D        | Killed a two-headed ogre
  2699 | D        | Reached skill level 1 in Armour
  2725 | D        | Noticed a two-headed ogre
  2725 | D        | Noticed Erolcha
  2746 | D        | Killed a two-headed ogre
  2746 | D        | Offered knowledge of Sticky Flame by Vehumet.
  2747 | D        | Reached XP level 9. HP: 21/45 MP: 11/19
  2967 | D        | Killed Erolcha
  2967 | D        | Reached **** piety under Vehumet
  2967 | D        | Offered knowledge of Airstrike by Vehumet.
  2968 | D        | Reached skill level 10 in Conjurations
  3266 | D        | Learned a level 2 spell: Blink
  3275 | D        | Noticed a wandering mushroom
  3591 | D        | Killed a wandering mushroom
  3596 | D        | Noticed a wandering mushroom
  3598 | D        | Noticed a wandering mushroom
  3627 | D        | Killed a wandering mushroom
  3627 | D        | Reached ***** piety under Vehumet
  3628 | D        | Reached skill level 5 in Dodging
  3854 | D        | Noticed a cane toad
  3854 | D        | Noticed a komodo dragon
  3854 | D        | Noticed a cane toad
  3882 | D        | Killed a cane toad
  3882 | D        | Offered knowledge of Iron Shot by Vehumet.
  4109 | D        | Killed a cane toad
  4110 | D        | Reached skill level 5 in Evocations
  4110 | D        | Reached XP level 10. HP: 49/49 MP: 17/23
  4365 | D        | Reached skill level 11 in Earth Magic
  4372 | D        | Learned a level 6 spell: Iron Shot
  4562 | D        | Learned a level 1 spell: Apportation
  4565 | D        | Noticed a lindwurm
  4568 | D        | Killed a lindwurm
  4585 | D        | Noticed Urug
  4813 | D        | Killed Urug
  4814 | D        | Reached skill level 12 in Earth Magic
  4857 | D        | Noticed an eight-headed hydra
  4857 | D        | Noticed a five-headed hydra
  4906 | D        | Killed a five-headed hydra
  4907 | D        | Reached skill level 13 in Earth Magic
  4934 | D        | Killed an eight-headed hydra
  4934 | D        | Offered knowledge of Freezing Cloud by Vehumet.
  5155 | D        | Noticed a death drake
  5163 | D        | Killed a death drake
  5164 | D        | Reached skill level 14 in Earth Magic
  5164 | D        | Reached skill level 5 in Translocations
  5164 | D        | Reached XP level 11. HP: 53/53 MP: 22/24
  5173 | D        | Noticed a swamp dragon
  5229 | D        | Reached skill level 10 in Stealth
  5741 | D        | Reached skill level 10 in Transmutations
  5741 | D        | Reached ****** piety under Vehumet
  6156 | D        | Noticed Rupert
  6302 | D        | Paralysed by Rupert for 5 turns
  6319 | D        | Killed Rupert
  6320 | D        | Reached skill level 15 in Earth Magic
  6725 | D        | Noticed a death yak
  6726 | D        | Noticed a death yak
  6782 | D        | Noticed a death yak
  6782 | D        | Noticed a death yak
  6784 | D        | Killed a death yak
  6997 | D        | Offered knowledge of Starburst by Vehumet.
  7001 | D        | Killed a death yak
  7002 | D        | Reached skill level 10 in Spellcasting
  7353 | D        | Killed a death yak
  7540 | D        | Reached skill level 1 in Fire Magic
  7547 | D        | Learned a level 6 spell: Starburst
  7614 | D        | Killed a death yak
  7620 | D        | Noticed an azure jelly
  7620 | D        | Noticed an azure jelly
  7879 | D        | Noticed Polyphemus
  7880 | D        | Offered knowledge of Lee's Rapid Deconstruction by Vehumet.
  7883 | D        | Reached skill level 5 in Fire Magic
  7914 | D        | HP: 1/53 [Polyphemus/large rock (52)]
  8325 | D        | Noticed Dowan
  8326 | D        | Noticed Duvessa
  8339 | D        | Killed Dowan
  8340 | D        | Reached XP level 12. HP: 58/58 MP: 26/28
  8811 | D        | Killed Duvessa
  9223 | D        | Offered knowledge of Eringya's Noxious Bog by Vehumet.
 10195 | D        | Reached skill level 10 in Dodging
 10659 | D        | Offered knowledge of Fireball by Vehumet.
 10668 | D        | Paralysed by an air elemental for 1 turns
 10702 | D        | Paralysed by an air elemental for 1 turns
 10703 | D        | HP: 2/58 [air elemental/stunning burst[an air elementalist
                  | statue] (14)]
 10705 | D        | Killed from afar by an air elemental

Illustrated notes

Levels and vault maps discovered:
D:        dungeon_sprint_mu [sprint_mu_entry_forest, sprint_mu_temple_rooms,
          sprint_mu_d1_spiders, sprint_mu_d2_genie, sprint_mu_d3_branching,
          sprint_mu_orc_legion, sprint_mu_elf_gauntlet, sprint_mu_hive_nellie,
          sprint_mu_lair_fedhas, sprint_mu_vaults_butterflies,
          sprint_mu_slime_circle, sprint_mu_swamp_cave, sprint_mu_shoals_archi,
          sprint_mu_blade_basic, sprint_mu_crypt_fortress,
          sprint_mu_tomb_spiral, sprint_mu_vestibule_basic,
          sprint_mu_gehenna_hellfire, sprint_mu_dis_giant,
          sprint_mu_tartarus_statrot, sprint_mu_cocytus_islands, sprint_mu_zot1]

Skill      XL: |  1  2  3  4  5  6  7  8  9 10 11 12 |
---------------+-------------------------------------+-----
Spellcasting   | 3 4 5 6 8 11 | 11.0
Earth Magic    | 5 6 7 9 10 14 15 | 15.0
Dodging        | 3 4 6 9 10 | 10.0
Stealth        | 5 6 7 9 10 13 | 13.2
Fighting       | 1 3 4 |  4.0
Conjurations   | 2 3 6 7 8 11 12 13 14 | 14.0
Transmutations | 2 3 7 9 11 | 11.0
Short Blades   | 8 9 10 | 10.0
Armour         | 1 2 3 |  3.0
Translocations | 3 5 |  5.0
Evocations     | 5 |  5.0
Fire Magic     | 6 |  6.0

Action                     |  1- 3 |  4- 6 |  7- 9 | 10-12 || total
---------------------------+-------+-------+-------+-------++-------
  Melee: Club              |       |       |     1 |       ||     1
         Dagger            |       |       |    26 |    34 ||    60
         Punch             |       |       |     1 |       ||     1
   Cast: Sandblast         |    14 |     3 |       |     3 ||    20
         Stone Arrow       |       |    12 |    11 |    28 ||    51
         Petrify           |       |       |    19 |    30 ||    49
         Iron Shot         |       |       |       |    53 ||    53
         Blink             |       |       |       |     1 ||     1
         Starburst         |       |       |       |     2 ||     2
    Use: Potion            |       |       |     1 |     6 ||     7
         Scroll            |       |       |     1 |       ||     1
   Stab: Petrified         |       |       |    23 |    22 ||    45
         Sleeping          |       |       |     1 |     7 ||     8
 Armour: Robe              |       |       |       |     2 ||     2
  Dodge: Dodged            |       |     3 |    10 |    61 ||    74
